 Dungeon Crawl Stone Soup version 0.21-a0-140-g479285b (webtiles) character file.

120 Manul the Sneak (level 5, 0/35 HPs)
             Began as an Octopode Assassin on July 21, 2017.
             Was an Initiate of Gozag.
             Slain by an orc (4 damage)
             ... on level 3 of the Dungeon.
             The game lasted 00:02:19 (1774 turns).

Manul the Sneak (Octopode Assassin)                 Turns: 1774, Time: 00:02:20

Health: 0/35       AC:  1    Str: 16    XL:     5   Next: 4%
Magic:  5/5        EV: 13    Int: 13    God:    Gozag
Gold:   243        SH:  0    Dex: 14    Spells: 4/4 levels left

rFire    + . .     SeeInvis .   g - +2 dagger (venom)
rCold    + . .     Gourm    .   (no shield)
rNeg     . . .     Faith    .   (helmet restricted)
rPois    +         Spirit   .   (no amulet)
rElec    +         Reflect  .   (no ring)
rCorr    +         Harm     .   (no ring)
MR       .....                  (no ring)
Stlth    +++++.....             (no ring)
HPRegen  0.11/turn              (no ring)
MPRegen  0.09/turn              (no ring)
                                (no ring)
                                (no ring)

@: mighty, resistant, gold aura, hasted and slowed
A: almost no armour, stealthy swim, amphibious, 8 rings, constrict 8, camouflage
1, gelatinous body 1
a: Potion Petition, Call Merchant, Bribe Branch, Renounce Religion


You were on level 3 of the Dungeon.
You worshipped Gozag.
Gozag was aware of your devotion.
You were not hungry.

You visited 1 branch of the dungeon, and saw 3 of its levels.

You collected 272 gold pieces.
You paid 29 gold pieces to Gozag.

Inventory:

Hand Weapons
 a - a +2 dagger
 b - a +0 blowgun
 g - a +2 dagger of venom (weapon)
Missiles
 c - 28 poisoned needles
 d - 2 curare-tipped needles
Scrolls
 e - a scroll of teleportation {unknown}
Potions
 i - a potion of might {unknown}
 q - a potion of brilliance {unknown}
Comestibles
 m - 4 royal jellies
 s - a meat ration


   Skills:
 + Level 2.6 Fighting
 + Level 2.4 Short Blades
 - Level 2.0 Throwing
 + Level 1.4 Dodging
 + Level 7.6 Stealth


You had 4 spell levels left.
You didn't know any spells.

Dungeon Overview and Level Annotations

Branches:
Dungeon (3/15)

Altars:
Ashenzari
Dithmenos
Gozag
Vehumet

Annotations:
D:3 Grinder, Natasha


Innate Abilities, Weirdness & Mutations

You cannot wear most types of armour.
You are very stealthy in the water. (Stealth+)
You are amphibious.
You can wear up to eight rings at the same time.
You can use your tentacles to constrict eight enemies at once.
Your skin changes colour to match your surroundings (Stealth+).
Your rubbery body absorbs attacks. (AC +1, EV +1)


Message History

The crimson imp is distracted by the nearby gold.
As you read the scroll labeled UBLITI JURE, it crumbles to dust.
It is a scroll of amnesia.
You feel forgetful for a moment. The orc closely misses you.
The white imp gestures at you. The puff of frost hits you!
* * * LOW HITPOINT WARNING * * *
The orc hits you.
* * * LOW HITPOINT WARNING * * *
A frilled lizard comes into view.
Okay, then. [a] - 0 gold - might and agility [b] - 0 gold - resistance, might and haste [c] - 0 gold - resistance, might and haste Purchase which effect?
You feel protected.
You feel very mighty all of a sudden.
You feel yourself speed up.
The frilled lizard moves out of view.
The white imp barely misses you. The orc hits you.
You die...
Your body crumbles into a pile of gold.

*,***#,<.....#,,,,,*,,,,,,*,,,,,
*,* #.#......,,,,,,,,,,********
*,* #.#...#.#**,***,**.# *,*
#.......# *,* #,*#.# *,*
#.#...#.# *,**#.##.#
**,***#.......# *,,,,....#######
,,,,,,,,*#..5w####**#.##.......#
,,,,,_,,,*#..55o.# #........#.#
,*,,,,,,,,#..5##@#######.#...#.##
,,,****#....h.##5#.......##.<....
,,,*,,(#..5.....h....###.#####.##
,*,*,.(#.......#.#.#.###.#####.#
,,,**###..#..#.#.#.#..##.......#
,*,,,............#.##.##.#######
,,,,,..##..###.###.......#
,,,,***,,.,,,..* #.......# ,**,*
*,,,,,..,* #.##.##.#


You could see Grinder, Natasha, a crimson imp (unaware), a white imp, a shadow
imp, a dart slug and an orc.

Vanquished Creatures
  Natasha (D:3)
  An adder (D:2)
  An ooze (D:2)
  3 worms
  4 dart slugs (D:1)
  2 leopard geckos (D:1)
  An orc (D:3)
  A ball python (D:1)
  10 bats
  2 giant cockroaches
  7 goblins
  5 hobgoblins
  7 jackals
  2 quokkas (D:2)
  A frilled lizard (D:3)
  5 kobolds
  6 rats
59 creatures vanquished.

Notes
Turn   | Place    | Note
-------+----------+-------------------------------------------
     0 | D:1      | Manul the Octopode Assassin began the quest for the Orb.
     0 | D:1      | Reached XP level 1. HP: 14/14 MP: 1/1
   259 | D:1      | Reached XP level 2. HP: 19/19 MP: 2/2
   383 | D:1      | Reached skill level 6 in Stealth
   421 | D:1      | Reached XP level 3. HP: 25/25 MP: 3/3
   809 | D:2      | Found a shattered altar of Ashenzari.
   819 | D:2      | Found a radiant altar of Vehumet.
   822 | D:2      | Found an opulent altar of Gozag.
   827 | D:2      | Became a worshipper of Gozag Ym Sagoz the Greedy
   833 | D:2      | Found a shadowy altar of Dithmenos.
   880 | D:2      | Reached XP level 4. HP: 30/30 MP: 4/4
   969 | D:2      | Reached skill level 7 in Stealth
  1410 | D:3      | Noticed Natasha
  1419 | D:3      | Killed Natasha
  1449 | D:3      | Noticed Natasha
  1758 | D:3      | Noticed a dagger
  1763 | D:3      | Noticed a hand axe
  1766 | D:3      | Reached XP level 5. HP: 27/35 MP: 5/5
  1771 | D:3      | Noticed Grinder
  1774 | D:3      | Slain by an orc

Vault maps used:
D:1:      lemuel_arrival_cross
D:2:      grunt_temple_overflow_cloverleaf
D:3:      dancing_weapons_uskayaw, uniq_natasha, uniq_grinder, uniq_robin

Skill      XL: |  1  2  3  4 |
---------------+-------------+-----
Stealth        | 6 7 |  7.6
Fighting       | |  2.6
Short Blades   | |  2.4
Throwing       | |  2.0
Dodging        | |  1.4

Action                   |  1- 3 |  4- 6 || total
-------------------------+-------+-------++-------
Melee: Dagger            |    58 |    47 ||   105
       Constrict         |    13 |    13 ||    26
       Tentacles         |     8 |     6 ||    14
Invok: Potion Petition   |       |     1 ||     1
  Use: Potion            |       |     2 ||     2
       Scroll            |       |     7 ||     7
 Stab: Sleeping          |    14 |     8 ||    22
  Eat: Bread ration      |       |     1 ||     1
Armor: Skin              |     8 |     6 ||    14
Dodge: Dodged            |    35 |    30 ||    65
